 Dungeon Crawl Stone Soup version 0.20.1-1-g8b1a95d (webtiles) character file.

50 Starchild the Vexing (level 4, -5/25 HPs)
             Began as a Kobold Arcane Marksman on Aug 6, 2017.
             Slain by a killer bee (8 damage)
             ... on level 2 of the Dungeon.
             The game lasted 00:06:25 (2822 turns).

Starchild the Vexing (Kobold Arcane Marksman)       Turns: 2822, Time: 00:06:26

Health: -5/25      AC:  5    Str:  7    XL:     4   Next: 4%
Magic:  5/5        EV: 15    Int: 15    God:
Gold:   143        SH:  0    Dex: 15    Spells: 2/5 levels left

rFire    . . .     SeeInvis .   a - +0 hand crossbow
rCold    . . .     Gourm    .   (shield restricted)
rNeg     . . .     Faith    .   e - +0 robe
rPois    .         Spirit   .   (no helmet)
rElec    .         Reflect  .   (no cloak)
rCorr    .         Harm     .   (no gloves)
MR       .....                  (no boots)
Stlth    +.........             (no amulet)
Regen    0.1/turn               (no ring)
MPRegen  0.1/turn               (no ring)

@: lethally poisoned (-5 -> -12)
A: iridescent scales 1, rugged brown scales 1, blink, carnivore 3
a: Blink


You were on level 2 of the Dungeon.
You were not hungry.

You visited 1 branch of the dungeon, and saw 3 of its levels.

You collected 143 gold pieces.

Inventory:

Hand Weapons
 a - a +0 hand crossbow (weapon)
 u - a +3 dagger
Missiles
 d - 40 bolts (quivered)
 l - 2 tomahawks
 q - 61 stones
Armour
 e - a +0 robe (worn)
Jewellery
 k - a cursed ring of teleportation {unknown}
 n - an uncursed ring of flight {unknown}
 s - a +3 ring of strength {unknown}
Scrolls
 b - 2 scrolls of magic mapping {unknown}
 g - 3 scrolls of remove curse {unknown}
 m - a scroll of fog {unknown}
 p - 2 scrolls of identify {unknown}
 t - 2 scrolls of blinking {unknown}
Potions
 i - a potion of haste {unknown}
 j - a potion of ambrosia {unknown}
 o - a potion of agility {unknown}
Books
 c - a book of Debilitation

   Spells                             Type                      Level
   a - Corona                         Hexes                        1
   b - Slow                           Hexes                        2
   c - Inner Flame                    Hexes/Fire                   3
   d - Portal Projectile              Hexes/Translocation          3
   e - Cause Fear                     Hexes                        4
   f - Leda's Liquefaction            Hexes/Earth                  4
Comestibles
 f - 2 meat rations
 r - 2 royal jellies


   Skills:
 - Level 1.1 Fighting
 - Level 2.4 Crossbows
 - Level 2.4 Dodging
 - Level 1.1 Spellcasting
 * Level 4.6 Hexes


You had 2 spell levels left.
You knew the following spells:

 Your Spells              Type           Power        Failure   Level  Hunger
a - Corona                Hex            ##.....      3%          1    ##.....
b - Slow                  Hex            ##......     5%          2    ###....


Dungeon Overview and Level Annotations

Branches:
Dungeon (3/15)

Altars:
Yredelemnul

Annotations:
D:3 CitizenNev's ghost, amateur DsFi


Innate Abilities, Weirdness & Mutations

You are small and have problems with some larger weapons.
You are carnivorous and can eat meat at any time.
You are partially covered in iridescent scales. (AC +2)
You are partially covered in rugged brown scales. (AC +1, +3% HP)
You can translocate small distances at will.


Message History

Aim: a killer bee (severely wounded)
You shoot a bolt. The bolt hits the killer bee.
The killer bee is almost dead.
You feel sick. The killer bee stings you.
* * * LOW HITPOINT WARNING * * *
The killer bee misses you. The killer bee closely misses you.
Firing (i - inventory. (,) - cycle):
d - 41 bolts (quivered)
Press: ? - help, Shift-Dir - straight line, f/p - killer bee
Aim: a killer bee (almost dead)
You shoot a bolt.
The bolt hits the killer bee but does no damage.
The killer bee is almost dead.
* * * LOW HITPOINT WARNING * * *
You feel sick. The killer bee misses you. The killer bee closely misses you.
It was a potion of mutation.
You feel extremely strange.
You feel jittery.
Rugged brown scales grow over part of your body.
Iridescent scales grow over part of your body.
The killer bee stings you!
You die...

############### #..>..........#
#.###########.# #.# #.# ##.##
###.### ##### #...# #.....#
#...# ###y..########.....#
..#.# ####..@....##.........#
#...# #.............###.....#
##.## #.##........### #.....#
#.# #.....)..##.# ###.#.# #.#
#.(##....##.# #.#.. #.#
#..##(#..##.#######.###
##.########...................#
#...............#...........###
#..########...####.##.#####.#


You could see a killer bee.

Vanquished Creatures
  An ooze (D:2)
  A dart slug (D:1)
  2 leopard geckos
  An orc (D:3)
  3 giant cockroaches
  2 goblins (D:2)
  4 hobgoblins
  8 kobolds
  10 bats
  3 frilled lizards (D:2)
  6 rats
41 creatures vanquished.

Notes
Turn   | Place    | Note
-------+----------+-------------------------------------------
     0 | D:1      | Starchild the Kobold Arcane Marksman began the quest for the Orb.
     0 | D:1      | Reached XP level 1. HP: 12/12 MP: 2/2
   344 | D:1      | Reached XP level 2. HP: 12/16 MP: 3/3
   921 | D:1      | Learned a level 2 spell: Slow
  1309 | D:2      | Found a basalt altar of Yredelemnul.
  1337 | D:2      | Reached skill level 4 in Hexes
  1337 | D:2      | Reached XP level 3. HP: 20/20 MP: 4/4
  2348 | D:3      | Noticed CitizenNev's ghost (amateur DsFi)
  2424 | D:2      | Reached XP level 4. HP: 8/25 MP: 5/5
  2822 | D:2      | Gained mutation: You can translocate small distances at will. [potion of mutation]
  2822 | D:2      | Gained mutation: You are partially covered in rugged brown scales. (AC +1, +3% HP) [potion of mutation]
  2822 | D:2      | Gained mutation: You are partially covered in iridescent scales. (AC +2) [potion of mutation]
  2822 | D:2      | Slain by a killer bee

Skill      XL: |  1  2 |
---------------+-------+-----
Hexes          | 4 |  4.6
Fighting       | |  1.1
Crossbows      | |  2.4
Dodging        | |  2.4
Spellcasting   | |  1.1

Action                   |  1- 3 |  4- 6 || total
-------------------------+-------+-------++-------
Melee: Club              |    32 |       ||    32
       Whip              |    44 |       ||    44
       Dagger            |    53 |     9 ||    62
 Fire: Hand crossbow     |    15 |     3 ||    18
Throw: Stone             |     4 |       ||     4
 Cast: Slow              |     1 |       ||     1
  Use: Potion            |       |     1 ||     1
 Stab: Sleeping          |     2 |       ||     2
  Eat: Chunk             |     4 |     2 ||     6
Armor: Robe              |    32 |     1 ||    33
Dodge: Dodged            |   140 |    17 ||   157
